 Dungeon Crawl Stone Soup version 0.19.1 (webtiles) character file.

60 CanadianGator the Skirmisher (level 4, -2/40 HPs)
             Began as a Hill Orc Abyssal Knight on Nov 29, 2016.
             Was a Believer of Lugonu.
             Slain by a goblin
             ... wielding a +0 club
             ... led by Robin
              (4 damage)
             ... on level 3 of the Dungeon.
             The game lasted 00:04:10 (1654 turns).

CanadianGator the Skirmisher (HOAK)                 Turns: 1654, Time: 00:04:11

Health: -2/40      AC:  6    Str: 15    XL:     4   Next: 6%
Magic:  5/6        EV: 10    Int: 12    God:    Lugonu [**....]
Gold:   165        SH:  0    Dex: 10    Spells: 0 memorised, 3 levels left

rFire  . . .     SeeInvis +     a - +1 hand axe
rCold  . . .     Gourm    .     m - +0 ring mail
rNeg   . . .     Faith    .     (no shield)
rPois  .         Spirit   .     f - +0 helmet
rElec  .         Reflect  .     (no cloak)
rCorr  .         Harm     .     (no gloves)
MR     +....                    (no boots)
Stlth  ..........               (no amulet)
                                r - ring of see invisible
                                d - ring of protection from magic

@: no status effects
A: no striking features
a: Depart the Abyss, Bend Space, Renounce Religion


You were on level 3 of the Dungeon.
You worshipped Lugonu.
Lugonu was pleased with you.
You were not hungry.

You visited 1 branch of the dungeon, and saw 3 of its levels.
You visited the Abyss 1 time.

You collected 165 gold pieces.

Inventory:

Hand Weapons
 a - a +1 hand axe (weapon)
Armour
 b - a +0 leather armour
 f - a +0 helmet (worn)
 m - a +0 ring mail (worn)
Jewellery
 d - a ring of protection from magic (left hand)
 r - a ring of see invisible (right hand)
Wands
 s - a wand of iceblast (8/15)
Scrolls
 e - a scroll of fog {unknown}
 i - 3 scrolls of blinking {unknown}
 k - 3 scrolls of identify {unknown}
 l - a scroll of fear {unknown}
 o - 2 scrolls of teleportation {unknown}
 p - a scroll of remove curse {unknown}
 q - 2 scrolls of random uselessness {unknown}
 t - a scroll of enchant weapon {unknown}
Potions
 g - 2 potions of heal wounds {unknown}
 j - a potion of haste {unknown}
 n - a potion of lignification {unknown}
Comestibles
 c - a bread ration
 h - a meat ration


   Skills:
 + Level 4.2 Fighting
 + Level 3.4 Axes
 + Level 2.6 Armour
 + Level 1.5 Dodging
 + Level 3.1 Invocations


You had 3 spell levels left.
You didn't know any spells.

Dungeon Overview and Level Annotations

Branches:
Dungeon (3/15)

Altars:

Annotations:
D:3 Natasha, Robin


Message History

You hit the goblin. You hit Robin. The goblin hits you but does no damage.
The hobgoblin hits you with a club.
Natasha mumbles some strange words.
The goblin hits you. Robin hits you but does no damage. The hobgoblin hits you.
* * * LOW HITPOINT WARNING * * *
Space bends around you!
You blink.
* * * LOW HITPOINT WARNING * * *
The hobgoblin throws a stone.
The stone barely misses you. Robin throws the goblin at you!
You barely miss the goblin. The goblin hits you with a club.
* * * LOW HITPOINT WARNING * * *
The hobgoblin no longer looks unusually strong.
The hobgoblin throws a stone.
The stone hits you.
* * * LOW HITPOINT WARNING * * *
The goblin hits you but does no damage.
You see here a stone.
The hobgoblin throws a stone.
The stone hits you.
* * * LOW HITPOINT WARNING * * *
The goblin hits you with a club.
You die...

#######...............
#...†.....#.#.#.#.....
#.......###...#.......
#.............#.#.####
#...............#.#
#............#.##.#
##......###(....#
#......#########
####@...#......#
#g(.g.#S.g...#.
#(...g#.gg.....
#....gg.gg.gS..
#.#...##hg##...
#.###.# h.# #.# #.#
..# #.# #.# ..5 #+#
#.. ..##


You could see Robin, Natasha, 2 hobgoblins and 3 goblins.

Vanquished Creatures
  An adder (D:2)
  2 dart slugs
  A leopard gecko (D:1)
  An orc (D:3)
  A ball python (D:1)
  A bat (D:2)
  2 giant cockroaches
  8 goblins
  8 hobgoblins
  3 jackals (D:3)
  2 frilled lizards
  6 kobolds
  6 rats
42 creatures vanquished.

Notes
Turn   | Place    | Note
-------+----------+-------------------------------------------
     0 | Abyss:1  | CanadianGator the Hill Orc Abyssal Knight began the quest for the Orb.
     0 | Abyss:1  | Reached XP level 1. HP: 19/19 MP: 2/2
    44 | D:1      | Escaped the Abyss
   156 | D:1      | Reached skill level 1 in Dodging
   156 | D:1      | Reached XP level 2. HP: 11/27 MP: 3/3
   830 | D:2      | Reached XP level 3. HP: 29/33 MP: 5/5
  1431 | D:3      | Reached skill level 4 in Fighting
  1437 | D:3      | Reached ** piety under Lugonu
  1489 | D:3      | Found a faded altar of an unknown god.
  1642 | D:3      | Noticed Robin
  1645 | D:3      | Noticed Natasha
  1648 | D:3      | Reached XP level 4. HP: 23/40 MP: 6/6
  1654 | D:3      | HP: 2/40 [hobgoblin/stone (4)]
  1654 | D:3      | Slain by a goblin

Skill      XL: |  1  2  3 |
---------------+----------+-----
Axes           | 3 |  3.4
Dodging        | 1 |  1.5
Invocations    | 3 |  3.1
Fighting       | 4 |  4.2
Armour         | |  2.6

Action                   |  1- 3 |  4- 6 || total
-------------------------+-------+-------++-------
Melee: Hand axe          |   115 |     3 ||   118
Invok: Bend Space        |       |     1 ||     1
  Eat: Chunk             |     2 |       ||     2
Armor: Ring mail         |    41 |     7 ||    48
       Leather armour    |     2 |       ||     2
Dodge: Dodged            |    72 |     3 ||    75
